 Dungeon Crawl Stone Soup version 0.17.1-1-g73c8601 (webtiles) character file.

84 namelastname112 the Cutter (level 4, -1/36 HPs)
             Began as a Draconian Skald on Jan 9, 2016.
             Slain by an orc wizard
             ... wielding a +0 dagger
              (4 damage)
             ... on level 3 of the Dungeon.
             The game lasted 00:02:40 (1991 turns).

namelastname112 the Cutter (Draconian Skald)        Turns: 1991, Time: 00:02:40

Health: -1/36      AC:  5    Str: 14    XL:     4   Next: 24%
Magic:  5/7        EV: 12    Int: 12    God:
Gold:   100        SH:  0    Dex: 12    Spells: 1 memorised, 6 levels left

rFire  . . .     SeeInvis .     a - +0 short sword
rCold  . . .     Clarity  .     (armour unavailable)
rNeg   . . .     SustAt   .     (no shield)
rPois  .         Gourm    .     (helmet restricted)
rElec  .         Spirit   .     (no cloak)
rCorr  .         Warding  .     (no gloves)
rMut   .         Stasis   .     (no boots)
MR     .....                    (no amulet)
Stlth  ++........               (no ring)
                                (no ring)

@: infused, not resistant to hostile enchantments, unstealthy
A: unfitting armour, cold-blooded, AC +5
a: no special abilities


You were on level 3 of the Dungeon.
You were hungry.

You visited 1 branch of the dungeon, and saw 3 of its levels.

You collected 100 gold pieces.

Inventory:

Hand Weapons
 a - a +0 short sword (weapon)
Missiles
 i - 7 poisoned needles
Scrolls
 d - 2 scrolls of identify {unknown}
 f - a scroll of remove curse {unknown}
 j - 2 scrolls of noise {unknown}
 l - a scroll of amnesia {unknown}
 n - a scroll of recharging {unknown}
 p - a scroll of random uselessness {unknown}
 q - a scroll of enchant armour {unknown}
 r - a scroll of teleportation {unknown}
 s - a scroll of blinking {unknown}
Potions
 e - 2 potions of lignification {unknown}
 k - a potion of invisibility {unknown}
 m - 2 potions of curing {unknown}
 o - a potion of haste {unknown}
Books
 b - a book of Battle

   Spells                             Type                      Level
   a - Infusion                       Charms                       1
   b - Shroud of Golubria             Charms/Translocation         2
   c - Song of Slaying                Charms                       2
   d - Spectral Weapon                Hexes/Charms                 3
   e - Regeneration                   Charms/Necromancy            3
Comestibles
 c - 2 bread rations
 g - 2 meat rations
 h - a royal jelly


   Skills:
 - Level 2.1 Fighting
 + Level 3.4 Short Blades
 - Level 1.3 Dodging
 + Level 2.6 Stealth
 - Level 2.0 Spellcasting
 - Level 2.6 Charms


You had 6 spell levels left.
You knew the following spells:

 Your Spells              Type           Power        Failure   Level  Hunger
z - Infusion              Chrm           #.....       12%         1    ##.....


Dungeon Overview and Level Annotations

Branches:
Dungeon (3/15)

Altars:
Okawaru


Innate Abilities, Weirdness & Mutations

Your plain brown scales are hard (AC +5).
Your body does not fit into most forms of armour.
You are cold-blooded and may be slowed by cold attacks.


Message History

Things that are here:
a flail; an orc corpse You closely miss something.
Something hits you but does no damage.
You miss something. Something hits you.
* * * LOW HITPOINT WARNING * * *
You miss something. Something hits you.
* * * LOW HITPOINT WARNING * * *
Casting: Infusion
Confirm with . or Enter, or press ? or * to list all spells.
You begin infusing your attacks with magical energy.
Something hits you but does no damage.
You miss something. Something hits you but does no damage.
You miss something. Something hits you but does no damage.
You hit something. Something hits you but does no damage.
You miss something. Something hits you.
* * * LOW HITPOINT WARNING * * *
You miss something. Something hits you.
* * * LOW HITPOINT WARNING * * *
You barely miss something. Something hits you.
You die...

#.#.# ###.###
#.#.###.....# #
#.#.#.#.....##.#
######.#..#...<......
#........###.....####
#.####.##.#......#
#.# #.###.###.#####
##.####.# ### #.##..
#....@{.# #.##.#
#..###### #.##.# #..#
#....### #..#
##...... #oo# #...###
#..# #...# #..# #...#
#..# #..†# #..#
#...###


There were no monsters in sight!

Vanquished Creatures
  3 adders (D:2)
  An ooze (D:2)
  3 worms (D:2)
  A giant gecko (D:2)
  4 orcs
  3 giant cockroaches
  8 goblins
  2 hobgoblins (D:2)
  7 bats
  5 kobolds
  6 rats
43 creatures vanquished.

Notes
Turn   | Place    | Note
--------------------------------------------------------------
     0 | D:1      | namelastname112 the Draconian Skald began the quest for the Orb.
     0 | D:1      | Reached XP level 1. HP: 17/17 MP: 3/3
   123 | D:1      | Reached skill level 1 in Stealth
   411 | D:1      | Reached XP level 2. HP: 18/24 MP: 5/5
  1022 | D:2      | Reached XP level 3. HP: 27/29 MP: 6/6
  1222 | D:2      | Reached skill level 3 in Short Blades
  1454 | D:2      | Found an iron altar of Okawaru.
  1464 | D:2      | Reached XP level 4. HP: 29/36 MP: 7/7
  1991 | D:3      | Slain by an orc wizard

Action                   |  1- 3 |  4- 6 || total
-------------------------+-------+-------++-------
Melee: Short sword       |   120 |    60 ||   180
 Cast: Infusion          |     2 |     1 ||     3
 Stab: Sleeping          |     2 |       ||     2
  Eat: Chunk             |     2 |     1 ||     3
